 Dungeon Crawl Stone Soup version 0.30.1-3-gfc49f6343a (webtiles) character file.

Game seed: 3044813123177183940

2918 jtron the Gouger (level 9, -4/58 HPs)
             Began as a Felid Berserker on July 28, 2023.
             Was an Elder of Trog.
             Slain by an orc warrior
             ... wielding a +0 war axe
              (18 damage)
             ... in a bailey.
             The game lasted 00:13:59 (6561 turns).

jtron the Gouger (Felid Berserker)                  Turns: 6561, Time: 00:14:00

Health: -4/58      AC:  2    Str: 17    XL:     9   Next: 50%
Magic:  19/19      EV: 24    Int:  8    God:    Trog [****..]
Gold:   358        SH:  0    Dex: 22    Spells: 8/8 levels left
                                        Lives:  0   Deaths: 2

rFire   . .          .
                       - Unarmed
rCold   . . .        (shield unavailable)
rNeg    . . .        (body armour unavailable)
rPois   +            (helmet unavailable)
rElec   +            (cloak unavailable)
rCorr   .            (gloves unavailable)
SInv    +            (boots unavailable)
Will    +....        o - amulet of regeneration Stlth
                     f - ring of poison resistance
HPRegen 1.09/turn    a - ring "Ibileim" {*Corrode rElec MP+9 Dex+6 Stlth+}
MPRegen 0.16/turn

%: corrode self (3%)
@: berserking, very quick
A: very small, claws 1, fangs 3, see invisible, speed 1, shaggy fur 2, stealthy
paws, no weapons or thrown items, no armour, multi-lived
a: Renounce Religion, Berserk, Trog's Hand, Brothers in Arms


You were in a bailey.
You worshipped Trog.
Trog was greatly pleased with you.
You visited 1 branch of the dungeon, and saw 7 of its levels.
You also visited: Bailey.

You collected 358 gold pieces.

Inventory:

Jewellery
 a - the ring "Ibileim" (right paw) {*Corrode rElec MP+9 Dex+6 Stlth+}
   (You acquired it on level 4 of the Dungeon)

   [ring of dexterity]

   Dex:       It affects your dexterity (+6).
   rElec:     It insulates you from electricity.
   MP:        It affects your magic capacity (+9).
   *Corrode:  It may corrode you when you take damage.
   Stlth:     It makes you more stealthy.
 e - a ring of resist corrosion
 f - a ring of poison resistance (left paw)
 j - a +5 ring of evasion
 m - a ring of ice
 o - an amulet of regeneration (around neck)
 s - a ring of protection from fire
Wands
 g - a wand of mindburst (26)
 r - a wand of roots (11)
Scrolls
 b - 3 scrolls of fog
 k - 2 scrolls of torment {unknown}
 l - a scroll of enchant armour {unknown}
 n - a scroll of butterflies {unknown}
 t - 3 scrolls of teleportation {unknown}
 u - a scroll of fear {unknown}
Potions
 c - 2 potions of lignification
 d - a potion of invisibility {unknown}
 h - 5 potions of curing
 i - a potion of ambrosia
 p - a potion of haste
 q - 3 potions of cancellation
 v - a potion of resistance {unknown}


   Skills:
 + Level 4.3 Fighting
 + Level 8.6 Dodging
 + Level 10.1 Stealth
 + Level 10.9 Unarmed Combat


You had 8 spell levels left.
You didn't know any spells.
Your spell library was empty.

Dungeon Overview and Level Annotations

Branches:
Dungeon (7/15)             Temple (0/1) D:4          Bailey (1/1)

Altars:
Trog

Shops:
D:3 =   D:5 (

Annotations:
D:6 3 runed translucent doors, bobby32's ghost, novice DrBe


Innate Abilities, Weirdness & Mutations

You have sharp claws.
You have razor-sharp teeth.
You have supernaturally acute eyesight. (SInv)
You cover ground quickly. (Speed+)
You are covered in thick fur. (AC +2)
Your paws help you pounce on unaware monsters.
You are incapable of wielding weapons or throwing items.
You cannot wear armour.
You gain extra lives every three experience levels.


Message History

An orc and an orc warrior come into view.
A hobgoblin comes into view. It is wielding a +0 hand axe.
The orc warrior shouts!
There is an open door here.
A red film seems to cover your vision as you go berserk!
You feel yourself moving faster!
You feel mighty! The orc hits you with a +0 hand axe!
The orc warrior barely misses you.
You claw the orc warrior! You bite the orc warrior!
The orc warrior is heavily wounded.
The orc hits you with a +0 hand axe. The orc warrior misses you.
The orc warrior barely misses you.
You barely miss the orc warrior. You bite the orc warrior.
The orc warrior is severely wounded.
You mangle the orc warrior!!
You kill the orc warrior!
Trog accepts your kill.
The orc warrior hits you with a +0 war axe!
You completely miss the orc warlord. You claw the orc warlord!
The orc warlord is lightly wounded.
The orc warrior closely misses you.
You barely miss the orc warlord.
The orc warlord is lightly wounded.
You barely miss the orc warlord.
You bite the orc warlord, but do no damage.
The orc warlord is lightly wounded.
The orc warlord hits you with a +6 executioner's axe!!
* * * LOW HITPOINT WARNING * * *
The orc completely misses you. The orc warrior completely misses you.
You are too injured to fight recklessly!
You are too injured to fight recklessly!
You are too injured to fight recklessly!
You are too injured to fight recklessly!
You are too berserk!
You scratch the orc warlord but do no damage.
You bite the orc warlord.
The orc warlord is lightly wounded.
The orc warlord barely misses you. The orc barely misses you.
The orc warrior hits you with a +0 war axe!!
You die...

#..)....#
##.....##.........##
##'####...........
##.....##.........#
#.......#.........#
##.......##.......#
#.........#..gog.. ....
##.........###ooo# ....
#.....⌠))...###@### ..⌠..
##.........##88.88## .....
#.........#..)....# ......
##.......##.......##......
#.......'.....).)))......
##.....##..))....)##.....
#######.....⌠.....# ###
##.........## #.........#


You could see an orc warlord, an orc warrior (strong), 2 orcs and 2 hobgoblins.

Vanquished Creatures
  Pikel (D:6)
  Grinder (D:3)
  Sigmund (D:4)
  An ice beast (D:6)
  9 orc warriors
  A sky beast (D:7)
  4 black bears
  An ogre (D:5)
  A centaur (D:5)
  A bullfrog (D:7)
  A kobold brigand (D:7)
  3 scorpions
  4 wights (D:4)
  3 howler monkeys
  An orc priest (D:4)
  A sleepcap (D:5)
  2 hounds
  A jelly (D:4)
  3 iguanas
  7 orc wizards
  14 gnolls
  5 adders
  A shadow imp (D:5)
  2 white imps
  2 ufetubi
  A worm (D:3)
  4 dart slugs
  30 orcs
  6 endoplasms
  2 giant cockroaches (D:4)
  9 goblins
  14 hobgoblins
  6 jackals
  9 kobolds
  2 quokkas (D:3)
  14 ball pythons
  5 bats
  5 frilled lizards
  7 rats
185 creatures vanquished.

Notes
Turn   | Place    | Note
-------+----------+-------------------------------------------
     0 | D:1      | jtron the Felid Berserker began the quest for the Orb.
     0 | D:1      | Reached XP level 1. HP: 10/10 MP: 2/2
   246 | D:1      | Reached XP level 2. HP: 14/14 MP: 3/3
   824 | D:1      | Reached XP level 3. HP: 17/17 MP: 4/4
  1071 | D:2      | Reached ** piety under Trog
  1164 | D:2      | Identified the +2 helmet of Dramatic Exits {rF+}
  1975 | D:3      | Noticed Grinder
  1984 | D:3      | Killed Grinder
  1985 | D:3      | Reached skill level 5 in Dodging
  1985 | D:3      | Reached skill level 5 in Unarmed Combat
  1985 | D:3      | Reached XP level 4. HP: 21/21 MP: 5/5
  1985 | D:3      | Reached XP level 5. HP: 24/24 MP: 6/6
  2112 | D:3      | Gained mutation: You are covered in thick fur. (AC +2)
                  | [Felid growth]
  2112 | D:3      | Reached XP level 6. HP: 28/28 MP: 7/7
  2182 | D:3      | Found Haypt's Jewellery Shoppe.
  3025 | D:4      | Reached XP level 7. HP: 27/31 MP: 8/8
  3036 | D:4      | Killed from afar by an orc priest
  3037 | D:4      | Reached XP level 6. HP: -8/28 MP: 7/7
  3048 | D:4      | Reached *** piety under Trog
  3114 | D:4      | Noticed Sigmund
  3122 | D:4      | Killed Sigmund
  3123 | D:4      | Reached skill level 5 in Stealth
  3154 | D:4      | Found a staircase to the Ecumenical Temple.
  3229 | D:4      | Reached XP level 7. HP: 31/31 MP: 8/8
  3597 | D:5      | Entered Level 5 of the Dungeon
  3623 | D:4      | Identified a scroll of acquirement
  3623 | D:4      | Acquired the ring "Ibileim" {*Corrode rElec MP+9 Dex+6
                  | Stlth+}
  4045 | D:5      | Found Kaycvugg's Weapon Boutique.
  4063 | D:5      | Found a bloodstained altar of Trog.
  4097 | D:5      | Reached XP level 8. HP: 36/36 MP: 9/9
  4165 | D:5      | Slain by a black bear
  4166 | D:5      | Reached XP level 7. HP: -1/31 MP: 17/17
  4948 | D:6      | Noticed Pikel
  4957 | D:6      | Killed Pikel
  4958 | D:6      | Reached XP level 8. HP: 36/36 MP: 9/9
  5098 | D:6      | Identified the +6 falchion "Husoamm" {freeze, rN+ Dex+3}
  5527 | D:6      | Reached **** piety under Trog
  5662 | D:6      | Found a runed translucent gate.
  5662 | D:6      | Found a runed translucent gate.
  5662 | D:6      | Found a runed translucent gate.
  5662 | D:6      | Noticed bobby32's ghost (novice DrBe)
  5846 | D:7      | Reached XP level 9. HP: 39/39 MP: 10/10
  6017 | D:7      | Reached skill level 10 in Unarmed Combat
  6292 | D:7      | Found a flagged portal.
  6315 | Bailey   | Entered a bailey
  6425 | Bailey   | Reached skill level 10 in Stealth
  6550 | Bailey   | Noticed an orc warlord
  6561 | Bailey   | Slain by an orc warrior

Illustrated notes

Levels and vault maps discovered:
D:1:      minmay_arrival_wavy_path, layout_basic
D:2:      layout_basic
D:3:      minmay_chambers_of_twos, layout_loops_ring, serial_shops, shop,
          uniq_grinder
D:4:      layout_loops_ring, minmay_temple_entry_offerings, uniq_sigmund
D:5:      layout_basic, trog_ov_bears_minmay, serial_shops,
          nicolae_shop_temple_entry_statues_fountains,
          nicolae_ossuary_entry_plus, hex_medium, minmay_holes,
          serial_park_tiny_pond, nicolae_hexahallways, chequers_big_river
D:6:      layout_loops_ring, ebering_ghost_rock_garden,
          nicolae_nh_ransacked_shop, uniq_pikel
D:7:      layout_basic, enter_bailey_1
Bailey:   bailey_axe_minmay_hex_keep, bailey

Skill      XL: |  1  2  3  4  5  6  7  8  9 |
---------------+----------------------------+-----
Unarmed Combat | 5 6 9 10 | 10.9
Dodging        | 5 6 7 8 |  8.6
Stealth        | 3 5 8 9 10 | 10.1
Fighting       | 4 |  4.3

Action                     |  1- 3 |  4- 6 |  7- 9 || total
---------------------------+-------+-------+-------++-------
  Melee: Unarmed           |   104 |   108 |   247 ||   459
         Bite              |     4 |     9 |    31 ||    44
         Punch             |     1 |     3 |    13 ||    17
 Invoke: Berserk           |     1 |     1 |    12 ||    14
    Use: Scroll            |       |     6 |     7 ||    13
         Potion            |       |       |     1 ||     1
   Stab: Sleeping          |     6 |    10 |    18 ||    34
 Armour: Skin              |     2 |     3 |     8 ||    13
  Dodge: Dodged            |    67 |    71 |   199 ||   337
